 Dungeon Crawl Stone Soup version 0.29.1 (webtiles) character file.

Game seed: 4197345297613485131

84673 qw the Severer (level 15, -1/220 HPs)
             Began as a Minotaur Berserker on Sept 13, 2022.
             Was an Elder of Trog.
             Killed by mirror damage (3 damage)
             ... on level 14 of the Dungeon.
             The game lasted 00:07:56 (23275 turns).

qw the Severer (Minotaur Berserker)                Turns: 23275, Time: 00:07:57

Health: -1/220     AC: 33    Str: 33    XL:     15   Next: 35%
Magic:  0/14       EV:  9    Int:  6    God:    Trog [****..]
Gold:   1267       SH: 12    Dex: 10    Spells: 14/14 levels left

rFire   + + +      SeeInvis +   x - +8 morningstar "Rous" {venom, *Noise rF++ rC++}
rCold   + + +      Faith    .   s - +0 kite shield
rNeg    . . .      Spirit   +   b - +3 plate armour {rF+}
rPois   +          Reflect  .   v - +3 crown of Dyrovepreva {rElec Int+2 SInv}
rElec   +          Harm     .   d - scarf {repulsion}
rCorr   .          Rampage  .   a - +2 pair of gloves of the Dwarven Hall {rF+ Str+4 Int-2}
Will    +....                   p - +2 pair of boots
Stlth   ..........              n - amulet "Titieff" {Spirit rElec rPois Int-2 Slay+5}
HPRegen 0.46/turn               u - ring "Jaopoc" {rC+ Int+4 SInv}
MPRegen 0.14/turn               r - +4 ring of protection

@: berserking (expiring), repel missiles, very quick
A: horns 2, retaliatory headbutt
a: Renounce Religion, Berserk, Trog's Hand, Brothers in Arms


You were on level 14 of the Dungeon.
You worshipped Trog.
Trog was greatly pleased with you.
You visited 2 branches of the dungeon, and saw 20 of its levels.
You also visited: Gauntlet.

You collected 1267 gold pieces.


Innate Abilities, Weirdness & Mutations

You have a pair of horns on your head.
You reflexively headbutt those who attack you in melee.


   Skills:
 - Level 17.0 Fighting
 - Level 18.0 Axes
 - Level 8.0 Throwing
 - Level 14.0 Armour
 - Level 7.0 Dodging
 + Level 13.4 Shields


You had 14 spell levels left.
You didn't know any spells.
Your spell library was empty.

Inventory:

Hand Weapons
 q - a +0 demon whip of venom
 t - a +0 vampiric broad axe
 x - the +8 morningstar "Rous" (weapon) {venom, *Noise rF++ rC++}
   (You found it on level 11 of the Dungeon)

   It poisons the flesh of those it strikes.
   rF:        It greatly protects you from fire.
   rC:        It greatly protects you from cold.
   *Noise:    It may make noises in combat.
Missiles
 l - 6 silver javelins (quivered)
 o - 6 javelins
 w - 3 boomerangs
Armour
 a - the +2 pair of gloves of the Dwarven Hall (worn) {rF+ Str+4 Int-2}
   (You found it on level 9 of the Dungeon)

   Str:       It affects your strength (+4).
   Int:       It affects your intelligence (-2).
   rF:        It protects you from fire.
 b - a +3 plate armour of fire resistance (worn)
 d - a scarf of repulsion (worn)
 p - a +2 pair of boots (worn)
 s - a +0 kite shield (worn)
 v - the +3 crown of Dyrovepreva (worn) {rElec Int+2 SInv}
   (You found it on level 11 of the Dungeon)

   Int:       It affects your intelligence (+2).
   rElec:     It insulates you from electricity.
   SInv:      It lets you see invisible.
Jewellery
 e - a +6 ring of dexterity
 n - the amulet "Titieff" (around neck) {Spirit rElec rPois Int-2 Slay+5}
   (You found it on level 7 of the Dungeon)

   [amulet of guardian spirit]

   It causes incoming damage to be divided between your reserves of health and
   magic.
   Int:       It affects your intelligence (-2).
   Slay:      It affects your accuracy & damage with ranged weapons and melee
   (+5).
   rElec:     It insulates you from electricity.
   rPois:     It protects you from poison.
 r - a +4 ring of protection (right hand)
 u - the ring "Jaopoc" (left hand) {rC+ Int+4 SInv}
   (You found it on level 11 of the Dungeon)

   [ring of see invisible]

   Int:       It affects your intelligence (+4).
   rC:        It protects you from cold.
   SInv:      It lets you see invisible.
Scrolls
 h - 4 scrolls of teleportation
 m - 10 scrolls of identify
Potions
 c - 3 potions of heal wounds
 f - 2 potions of resistance
 g - 4 potions of might
 i - a potion of mutation
 j - 4 potions of cancellation
 k - 12 potions of curing

Dungeon Overview and Level Annotations

Branches:
Dungeon (15/15)            Temple (0/1) D:6            Lair (5/5) D:11
  Swamp (0/4) Lair:3       Spider (0/4) Lair:2        Slime (0/5) Lair:4
    Orc (0/2) D:10         Depths (0/4) D:15        Gauntlet (visited)
 Vaults: D:13-14

Altars:
Nemelex Xobeh
Qazlal
Uskayaw
Jiyva

Shops:
D:4 [[[   D:8 :

Annotations:
D:5 2 transporters, qw's ghost, novice GrFi


Message History

The salamander hits you.
You are engulfed in flames.
You resist.
You bludgeon the salamander!!
You kill the salamander!
Trog accepts your kill.
The death knight hits you with a +1 antimagic broad axe!
You barely miss the death knight.
The death knight hits you with a +1 antimagic broad axe.
The slime creature hits you but does no damage.
You barely miss the death knight. You closely miss the death knight.
The death knight hits you with a +1 antimagic broad axe.
The slime creature hits you but does no damage.
You closely miss the death knight.
The death knight invokes the aid of Yredelemnul against you.
Your body is wracked with pain!
The slime creature barely misses you. You furiously retaliate!
You headbutt the slime creature!
You spit the slime creature like a pig!!!
The slime creature looks as sick as possible!
You headbutt the slime creature!!
You feel the power of Trog in you as your rage grows.
You kill the slime creature!
Trog accepts your kill.
You barely miss the death knight. You headbutt the death knight!
The death knight is lightly wounded.
The death knight reflects your damage back at you!
The death knight calls down the wrath of Yredelemnul upon you.
You resist with significant effort.
You impale the death knight!!
The death knight looks as sick as possible!
The death knight is moderately wounded.
The death knight reflects your damage back at you! x2
A fire bat comes into view.
The death knight hits you but does no damage.
You barely miss the death knight.
The death knight is moderately wounded.
You hit the death knight.
The death knight looks as sick as possible!
The death knight is heavily wounded.
The death knight reflects your damage back at you!
You die...

# #### .# #.. .## #.#
..#.# ##
######.##..##.# #p#
.........###.#b# #u#
.####...#.###.#)#p#
####.###.#.#.#.#@#
..?%.# #...##.#.#.#
####.# #.###.#.#0#.#
.. #
##...#..##.#.#.#.# .
#.#
######.##.##.#.#.#.##
.... #.#
.....#.##...########
....##.# ####.#
##.### #....#...# #.#
#.# #.#.##.#.# #.#
#.# #.#.##.#.#


You could see a death knight (reflects damage, extremely poisoned), a vault
guard, a white ugly thing and a fire bat.

Vanquished Creatures
  Jorgrun (D:14)
  Rupert (Lair:3)
  A minotaur (Gauntlet)
  Azrael (D:14)
  3 dire elephants (Lair:5)
  An ettin (D:15)
  A fire dragon (D:11)
  A great orb of eyes (Gauntlet)
  4 hydras
  4 boulder beetles
  A two-headed ogre (D:14)
  2 catoblepae
  A death knight (D:11)
  5 centaur warriors
  2 tengu warriors
  Nergalle (Lair:3)
  9 skeletal warriors
  Amaemon (Lair:3)
  A spectral anaconda (Lair:5)
  A spectral death yak (Lair:5)
  3 deep trolls (D:15)
  An orc knight (D:11)
  A wizard (D:15)
  An obsidian statue (Lair:5)
  3 necromancers (Lair:5)
  3 deep elf pyromancers
  A manticore (D:12)
  4 cyclopes
  A salamander (shapeshifter) (D:14)
  14 ugly things
  14 elephants
  3 black mambas
  A torpor snail (Lair:5)
  A dire elephant zombie (Lair:5)
  An orange demon (Lair:3)
  A gargoyle (D:10)
  7 cane toads
  8 komodo dragons
  4 kobold demonologists
  3 yaktaurs (D:15)
  An unseen horror (D:13)
  A rime drake (Lair:1)
  A freezing wraith (D:15)
  3 tengu conjurers
  3 trolls
  5 polar bears
  A queen bee (Gauntlet)
  22 blink frogs
  A spectral elephant (Lair:5)
  4 slime creatures
  13 dream sheep (Lair:5)
  4 wyverns
  3 shadows
  52 yaks
  3 wraiths
  A redback (D:11)
  2 basilisks
  5 fire elementals (D:14)
  2 death yak simulacra (Lair:5)
  12 vampire mosquitoes
  5 acid dragons
  4 water moccasins
  A meliai simulacrum (D:14)
  A hell hound (D:14)
  2 black bears
  An ice beast (D:6)
  7 orc warriors
  A sky beast (D:7)
  7 centaurs
  4 elephant zombies (Lair:5)
  9 wolves
  An ogre (D:5)
  3 kobold brigands
  A gnoll sergeant (D:5)
  16 bullfrogs
  2 scorpions
  2 cane toad simulacra (Lair:5)
  5 wights (D:9)
  2 elephant simulacra (Lair:5)
  20 killer bees
  2 howler monkeys (D:12)
  6 electric eels
  3 jellies
  A hound (D:5)
  6 orc priests
  A gnoll bouda (D:8)
  12 orc wizards
  2 iguanas (D:6)
  5 adders
  9 gnolls
  A white imp (D:7)
  3 worms (D:2)
  5 dart slugs
  29 orcs
  3 ball pythons
  10 endoplasms
  3 giant cockroaches
  9 goblins
  A hobgoblin (D:1)
  9 jackals
  3 quokkas
  2 bats (D:1)
  4 frilled lizards
  27 kobolds
  5 rats
511 creatures vanquished.

Vanquished Creatures (collateral kills)
  A hydra (Lair:5)
  3 ugly things (D:15)
  A blink frog (Lair:1)
  An orc priest (D:11)
  An orc wizard (D:11)
7 creatures vanquished.

Vanquished Creatures (others)
  A hydra (D:15)
  A wizard (D:15)
  2 bushes
  42 fungi
  67 plants
  28 withered plants
141 creatures vanquished.

Grand Total: 659 creatures vanquished

Notes
Turn   | Place    | Note
-------+----------+-------------------------------------------
     0 | D:1      | qw the Minotaur Berserker began the quest for the Orb.
     0 | D:1      | Reached XP level 1. HP: 19/19 MP: 0/0
     0 | D:1      | 0 ||| qw: Version: 0.1-a-119-g272c26d
     0 | D:1      | 0 ||| qw: Game counter: 11259
     0 | D:1      | 0 ||| qw: Always use a shield: true
     0 | D:1      | 0 ||| qw: Do Orc after D:15 true
     0 | D:1      | 0 ||| qw: Do second Lair branch before Depths: true
     0 | D:1      | 0 ||| qw: Lair rune preference: random
     0 | D:1      | 0 ||| qw: Plans: Normal
     0 | D:1      | 0 ||| PLANNING D:1-11
   270 | D:1      | Reached skill level 4 in Axes
   395 | D:1      | 395 ||| Stepping ~*~*~tactically~*~*~ (stealth).
   433 | D:1      | Reached XP level 2. HP: 15/26 MP: 1/1
   872 | D:1      | 872 ||| UPGRADING to +0 chain mail.
   882 | D:1      | 882 ||| DROPPING +0 animal skin.
   883 | D:1      | 883 ||| UPGRADING to amulet of the acrobat.
   888 | D:1      | 888 ||| UPGRADING to +4 ring of protection.
   889 | D:1      | 889 ||| READING scroll labelled XOYHUW RUBLEE.
   890 | D:1      | 890 ||| READING scroll labelled YQO IM JITRUI.
   891 | D:1      | 891 ||| READING scroll labelled RUP MAGIHO.
   892 | D:1      | 892 ||| READING scroll labelled HIAT XASYNTOFF.
   893 | D:1      | 893 ||| DRINKING 2 ruby potions.
  1084 | D:2      | 1084 ||| Stepping ~*~*~tactically~*~*~ (hiding).
  1091 | D:2      | 1091 ||| Stepping ~*~*~tactically~*~*~ (stealth).
  1092 | D:2      | 1092 ||| Stepping ~*~*~tactically~*~*~ (stealth).
  1132 | D:2      | Reached skill level 5 in Axes
  1134 | D:2      | 1134 ||| Stepping ~*~*~tactically~*~*~ (stealth).
  1170 | D:2      | 1170 ||| INVOKING Berserk.
  1175 | D:2      | Reached XP level 3. HP: 31/31 MP: 2/2
  1244 | D:2      | 1244 ||| INVOKING Berserk.
  1368 | D:2      | 1368 ||| DROPPING +0 club.
  1600 | D:2      | Reached ** piety under Trog
  1650 | D:2      | Found a faded altar of an unknown god.
  1669 | D:2      | 1669 ||| INVOKING Berserk.
  1828 | D:2      | 1828 ||| UPGRADING to +6 ring of dexterity.
  1829 | D:2      | 1829 ||| READING scroll labelled NACELI BIMNIRO.
  1830 | D:2      | 1830 ||| READING scroll labelled XOACU INNI.
  1831 | D:2      | 1831 ||| DRINKING 2 grey potions.
  1832 | D:2      | 1832 ||| DROPPING potion of brilliance.
  1905 | D:3      | 1905 ||| Stepping ~*~*~tactically~*~*~ (hiding).
  2020 | D:3      | 2020 ||| Stepping ~*~*~tactically~*~*~ (stealth).
  2029 | D:3      | 2029 ||| Stepping ~*~*~tactically~*~*~ (hiding).
  2036 | D:3      | Reached skill level 6 in Axes
  2036 | D:3      | Reached XP level 4. HP: 39/39 MP: 3/3
  2195 | D:3      | 2195 ||| INVOKING Berserk.
  2775 | D:3      | 2775 ||| DROPPING +1 ring mail of positive energy.
  2776 | D:3      | 2776 ||| UPGRADING to +0 pair of boots.
  2781 | D:3      | 2781 ||| UPGRADING to +0 pair of gloves.
  2786 | D:3      | 2786 ||| READING scroll of enchant armour.
  2786 | D:3      | 2786 ||| ENCHANTING +0 pair of gloves.
  2787 | D:3      | 2787 ||| DROPPING ring of willpower.
  2788 | D:3      | 2788 ||| READING scroll labelled MUINGIN KARGHEO.
  2792 | D:3      | 2792 ||| DRINKING 2 yellow potions.
  2846 | D:3      | 2846 ||| DROPPING potion of lignification.
  2867 | D:4      | Found Jibril's Antique Armour Shop.
  2874 | D:4      | 2874 ||| SHOPLISTING glowing orb (276 gold, have 80).
  2874 | D:4      | 2874 ||| SHOPLISTING glowing scarf (184 gold, have 80).
  2874 | D:4      | 2874 ||| SHOPLISTING pair of embroidered boots (172 gold,
                  | have 80).
  2874 | D:4      | 2874 ||| SHOPLISTING plate armour (529 gold, have 80).
  2887 | D:4      | Noticed a black bear
  2890 | D:4      | 2890 ||| INVOKING Berserk.
  2893 | D:4      | Killed a black bear
  2894 | D:4      | Reached skill level 7 in Axes
  2894 | D:4      | Reached XP level 5. HP: 45/45 MP: 4/4
  3022 | D:4      | 3022 ||| Stepping ~*~*~tactically~*~*~ (stealth).
  3131 | D:4      | 3131 ||| Stepping ~*~*~tactically~*~*~ (stealth).
  3239 | D:4      | Found Zofuk's Antique Armour Shoppe.
  3342 | D:4      | Found Miuqih's Antique Armour Shoppe.
  3446 | D:4      | 3446 ||| SWAPPING to +0 war axe.
  3447 | D:4      | 3447 ||| DROPPING +0 hand axe.
  3469 | D:4      | 3469 ||| UPGRADING to +0 plate armour.
  3479 | D:4      | 3479 ||| DROPPING +0 chain mail.
  3480 | D:4      | 3480 ||| READING scroll labelled DIABARGHYNI.
  3481 | D:4      | 3481 ||| READING 2 scrolls of identify.
  3481 | D:4      | 3481 ||| IDENTIFYING orange potion
  3494 | D:5      | Entered Level 5 of the Dungeon
  3523 | D:5      | Found a transporter.
  3534 | D:5      | Reached skill level 3 in Armour
  3534 | D:5      | Reached XP level 6. HP: 42/52 MP: 5/5
  3621 | D:5      | Noticed qw's ghost (novice GrFi)
  3622 | D:5      | Found a transporter.
  3732 | D:5      | 3732 ||| Stepping ~*~*~tactically~*~*~ (hiding).
  3733 | D:5      | 3733 ||| Stepping ~*~*~tactically~*~*~ (hiding).
  3734 | D:5      | 3734 ||| INVOKING Berserk.
  3736 | D:5      | Reached skill level 8 in Axes
  3849 | D:5      | 3849 ||| DROPPING +0 whip.
  3933 | D:5      | Identified the +0 flail "Tenyrad" {pain, rN+ Will- Str+4}
  3935 | D:5      | 3935 ||| DROPPING +0 flail "Tenyrad" {pain, rN+ Will-
                  | Str+4}.
  3952 | D:5      | 3952 ||| INVOKING Berserk.
  3955 | D:5      | Reached skill level 9 in Axes
  3955 | D:5      | Reached XP level 7. HP: 59/59 MP: 6/6
  4135 | D:5      | 4135 ||| DRINKING 2 smoky dark potions.
  4136 | D:5      | 4136 ||| READING 3 scrolls of identify.
  4136 | D:5      | 4136 ||| IDENTIFYING murky sapphire potion
  4137 | D:5      | 4137 ||| DROPPING potion of flight.
  4163 | D:6      | 4163 ||| READING scroll of enchant armour.
  4163 | D:6      | 4163 ||| ENCHANTING +1 pair of gloves.
  4263 | D:6      | Found a staircase to the Ecumenical Temple.
  4265 | D:6      | 4265 ||| Stepping ~*~*~tactically~*~*~ (stealth).
  4266 | D:6      | 4266 ||| Stepping ~*~*~tactically~*~*~ (stealth).
  4267 | D:6      | 4267 ||| Stepping ~*~*~tactically~*~*~ (stealth).
  4268 | D:6      | 4268 ||| Stepping ~*~*~tactically~*~*~ (stealth).
  4269 | D:6      | Reached *** piety under Trog
  4270 | D:6      | 4270 ||| Stepping ~*~*~tactically~*~*~ (stealth).
  4271 | D:6      | 4271 ||| Stepping ~*~*~tactically~*~*~ (stealth).
  4322 | D:6      | 4322 ||| Stepping ~*~*~tactically~*~*~ (stealth).
  4324 | D:6      | 4324 ||| Stepping ~*~*~tactically~*~*~ (stealth).
  4325 | D:6      | 4325 ||| Stepping ~*~*~tactically~*~*~ (stealth).
  4327 | D:6      | 4327 ||| Stepping ~*~*~tactically~*~*~ (stealth).
  4337 | D:6      | 4337 ||| Stepping ~*~*~tactically~*~*~ (stealth).
  4339 | D:6      | 4339 ||| Stepping ~*~*~tactically~*~*~ (stealth).
  4350 | D:6      | 4350 ||| Stepping ~*~*~tactically~*~*~ (stealth).
  4355 | D:6      | 4355 ||| Stepping ~*~*~tactically~*~*~ (stealth).
  4358 | D:6      | 4358 ||| Stepping ~*~*~tactically~*~*~ (stealth).
  4359 | D:6      | 4359 ||| Stepping ~*~*~tactically~*~*~ (stealth).
  4459 | D:6      | Noticed a wraith
  4468 | D:6      | Killed a wraith
  4469 | D:6      | Reached skill level 6 in Fighting
  4585 | D:6      | 4585 ||| Stepping ~*~*~tactically~*~*~ (stealth).
  4586 | D:6      | 4586 ||| Stepping ~*~*~tactically~*~*~ (stealth).
  4591 | D:6      | 4591 ||| Stepping ~*~*~tactically~*~*~ (stealth).
  4592 | D:6      | 4592 ||| Stepping ~*~*~tactically~*~*~ (stealth).
  4593 | D:6      | 4593 ||| Stepping ~*~*~tactically~*~*~ (stealth).
  4596 | D:6      | 4596 ||| Stepping ~*~*~tactically~*~*~ (stealth).
  4759 | D:6      | 4759 ||| READING 5 scrolls of identify.
  4759 | D:6      | 4759 ||| IDENTIFYING fizzy blue potion
  4760 | D:6      | 4760 ||| READING 4 scrolls of identify.
  4760 | D:6      | 4760 ||| IDENTIFYING murky emerald potion
  4761 | D:6      | 4761 ||| DROPPING potion of degeneration.
  4813 | D:7      | Reached skill level 10 in Axes
  4813 | D:7      | Reached XP level 8. HP: 69/70 MP: 7/7
  4834 | D:7      | 4834 ||| INVOKING Berserk.
  5005 | D:7      | 5005 ||| READING scroll of enchant armour.
  5005 | D:7      | 5005 ||| ENCHANTING +0 pair of boots.
  5135 | D:7      | 5135 ||| Stepping ~*~*~tactically~*~*~ (hiding).
  5256 | D:7      | Found a hide-covered altar of Uskayaw.
  5321 | D:7      | 5321 ||| Stepping ~*~*~tactically~*~*~ (hiding).
  5322 | D:7      | 5322 ||| Stepping ~*~*~tactically~*~*~ (hiding).
  5327 | D:7      | 5327 ||| INVOKING Berserk.
  5347 | D:7      | 5347 ||| FLEEEEING.
  5348 | D:7      | 5348 ||| FLEEEEING.
  5349 | D:7      | 5349 ||| FLEEEEING.
  5350 | D:7      | 5350 ||| FLEEEEING.
  5353 | D:7      | 5353 ||| STAIRDANCE
  5395 | D:6      | 5395 ||| UPGRADING to scarf of repulsion.
  5402 | D:7      | 5402 ||| STAIRDANCE
  5455 | D:7      | 5455 ||| STAIRDANCE
  5468 | D:6      | Reached skill level 11 in Axes
  5559 | D:7      | 5559 ||| STAIRDANCE
  5771 | D:7      | Identified the amulet "Titieff" {Spirit rElec rPois Int-2
                  | Slay+5}
  5821 | D:7      | Reached skill level 12 in Axes
  5835 | D:7      | 5835 ||| FLEEEEING.
  5836 | D:7      | 5836 ||| FLEEEEING.
  5837 | D:7      | 5837 ||| FLEEEEING.
  5838 | D:7      | 5838 ||| FLEEEEING.
  5839 | D:7      | 5839 ||| STAIRDANCE
  5927 | D:6      | 5927 ||| UPGRADING to amulet "Titieff" {Spirit rElec rPois
                  | Int-2 Slay+5}.
  5937 | D:6      | 5937 ||| DROPPING amulet of the acrobat.
  5940 | D:7      | 5940 ||| STAIRDANCE
  6022 | D:8      | Reached skill level 3 in Dodging
  6022 | D:8      | Reached XP level 9. HP: 75/75 MP: 8/8
  6056 | D:8      | 6056 ||| FLEEEEING.
  6057 | D:8      | 6057 ||| FLEEEEING.
  6063 | D:8      | 6063 ||| FLEEEEING.
  6064 | D:8      | 6064 ||| FLEEEEING.
  6065 | D:8      | 6065 ||| FLEEEEING.
  6066 | D:8      | 6066 ||| FLEEEEING.
  6133 | D:8      | 6133 ||| INVOKING Berserk.
  6147 | D:8      | 6147 ||| Stepping ~*~*~tactically~*~*~ (water).
  6158 | D:8      | 6158 ||| DRINKING 6 potions of curing.
  6158 | D:8      | 6158 ||| (to cure confusion)
  6171 | D:8      | 6171 ||| DRINKING 5 potions of curing.
  6171 | D:8      | 6171 ||| (to cure confusion)
  6172 | D:8      | 6172 ||| DRINKING 4 potions of curing.
  6172 | D:8      | 6172 ||| (to cure confusion)
  6178 | D:8      | 6178 ||| DRINKING 3 potions of curing.
  6178 | D:8      | 6178 ||| (to cure confusion)
  6308 | D:8      | 6308 ||| INVOKING Berserk.
  6317 | D:8      | Reached skill level 6 in Armour
  6321 | D:8      | 6321 ||| FLEEEEING.
  6322 | D:8      | 6322 ||| FLEEEEING.
  6323 | D:8      | 6323 ||| FLEEEEING.
  6466 | D:8      | 6466 ||| SWAPPING to +0 broad axe.
  6467 | D:8      | 6467 ||| DROPPING +0 war axe.
  6489 | D:8      | 6489 ||| FLEEEEING.
  6490 | D:8      | 6490 ||| FLEEEEING.
  6491 | D:8      | 6491 ||| FLEEEEING.
  6554 | D:8      | 6554 ||| FLEEEEING.
  6555 | D:8      | 6555 ||| FLEEEEING.
  6556 | D:8      | 6556 ||| FLEEEEING.
  6751 | D:8      | 6751 ||| Stepping ~*~*~tactically~*~*~ (hiding).
  7028 | D:8      | Found Paruxil's Book Shoppe.
  7186 | D:8      | 7186 ||| DRINKING 3 potions of curing.
  7186 | D:8      | 7186 ||| (to cure confusion)
  7203 | D:8      | Reached **** piety under Trog
  7209 | D:8      | 7209 ||| DROPPING +0 flail.
  7274 | D:8      | 7274 ||| UPGRADING to +1 hat.
  7279 | D:8      | 7279 ||| UPGRADING to +2 hat.
  7289 | D:8      | 7289 ||| DROPPING +1 hat.
  7290 | D:8      | 7290 ||| DROPPING amulet of reflection.
  7291 | D:8      | 7291 ||| UPGRADING to ring of see invisible.
  7293 | D:8      | 7293 ||| READING scroll labelled TITOJO PECEACLI.
  7309 | D:9      | 7309 ||| STAIRDANCE
  7309 | D:9      | Noticed a kobold demonologist
  7315 | D:9      | 7315 ||| STAIRDANCE
  7364 | D:9      | Noticed a rust devil
  7373 | D:9      | Killed a kobold demonologist
  7374 | D:9      | Reached skill level 13 in Axes
  7395 | D:9      | Noticed a troll
  7398 | D:9      | 7398 ||| INVOKING Berserk.
  7402 | D:9      | Killed a troll
  7596 | D:9      | 7596 ||| READING 2 scrolls of teleportation.
  7685 | D:9      | Identified the +2 pair of gloves of the Dwarven Hall {rF+
                  | Str+4 Int-2}
  7810 | D:9      | 7810 ||| Stepping ~*~*~tactically~*~*~ (stealth).
  7822 | D:9      | 7822 ||| DRINKING 2 potions of curing.
  7822 | D:9      | 7822 ||| (to cure confusion)
  8111 | D:9      | 8111 ||| Stepping ~*~*~tactically~*~*~ (stealth).
  8112 | D:9      | 8112 ||| Stepping ~*~*~tactically~*~*~ (stealth).
  8115 | D:9      | 8115 ||| Stepping ~*~*~tactically~*~*~ (stealth).
  8116 | D:9      | 8116 ||| Stepping ~*~*~tactically~*~*~ (stealth).
  8117 | D:9      | 8117 ||| Stepping ~*~*~tactically~*~*~ (stealth).
  8118 | D:9      | 8118 ||| Stepping ~*~*~tactically~*~*~ (stealth).
  8119 | D:9      | 8119 ||| Stepping ~*~*~tactically~*~*~ (stealth).
  8120 | D:9      | 8120 ||| INVOKING Berserk.
  8163 | D:9      | 8163 ||| FLEEEEING.
  8167 | D:9      | 8167 ||| FLEEEEING.
  8168 | D:9      | 8168 ||| FLEEEEING.
  8169 | D:9      | 8169 ||| STAIRDANCE
  8173 | D:8      | Reached skill level 3 in Throwing
  8184 | D:8      | 8184 ||| DROPPING ring of flight.
  8190 | D:9      | Reached XP level 10. HP: 84/88 MP: 7/9
  8646 | D:9      | 8646 ||| FLEEEEING.
  8651 | D:9      | 8651 ||| FLEEEEING.
  8652 | D:9      | 8652 ||| FLEEEEING.
  8653 | D:9      | 8653 ||| FLEEEEING.
  8654 | D:9      | 8654 ||| FLEEEEING.
  8660 | D:9      | 8660 ||| FLEEEEING.
  8661 | D:9      | 8661 ||| FLEEEEING.
  8667 | D:9      | 8667 ||| FLEEEEING.
  8668 | D:9      | 8668 ||| FLEEEEING.
  8669 | D:9      | 8669 ||| FLEEEEING.
  8670 | D:9      | 8670 ||| FLEEEEING.
  8671 | D:9      | 8671 ||| Stepping ~*~*~tactically~*~*~ (hiding).
  9031 | D:10     | Entered Level 10 of the Dungeon
  9074 | D:10     | Noticed a gargoyle
  9075 | D:10     | 9075 ||| Stepping ~*~*~tactically~*~*~ (hiding).
  9076 | D:10     | 9076 ||| Stepping ~*~*~tactically~*~*~ (hiding).
  9085 | D:10     | Killed a gargoyle
  9086 | D:10     | Reached skill level 14 in Axes
  9164 | D:10     | 9164 ||| Stepping ~*~*~tactically~*~*~ (stealth).
  9165 | D:10     | 9165 ||| Stepping ~*~*~tactically~*~*~ (stealth).
  9331 | D:10     | 9331 ||| Stepping ~*~*~tactically~*~*~ (stealth).
  9334 | D:10     | 9334 ||| Stepping ~*~*~tactically~*~*~ (stealth).
  9339 | D:10     | 9339 ||| Stepping ~*~*~tactically~*~*~ (stealth).
  9525 | D:10     | 9525 ||| INVOKING Berserk.
  9636 | D:10     | 9636 ||| READING scroll of enchant armour.
  9636 | D:10     | 9636 ||| ENCHANTING +1 pair of boots.
  9813 | D:10     | Found the +7 Kryia's mail coat {PotionHeal*2 rC+}
  9876 | D:10     | Reached skill level 15 in Axes
 10012 | D:10     | Found a staircase to the Orcish Mines.
 10014 | D:10     | 10014 ||| UPGRADING to +2 plate armour of fire resistance.
 10019 | D:10     | 10019 ||| FLEEEEING.
 10020 | D:10     | 10020 ||| FLEEEEING.
 10058 | D:10     | 10058 ||| UPGRADING to +2 plate armour of fire resistance.
 10063 | D:10     | 10063 ||| DROPPING +0 plate armour.
 10064 | D:10     | 10064 ||| READING scroll labelled HOKOYKKAODD.
 10065 | D:10     | 10065 ||| READING scroll labelled YSELID FOTIPT.
 10066 | D:10     | 10066 ||| READING 5 scrolls of identify.
 10066 | D:10     | 10066 ||| IDENTIFYING silvery potion
 10067 | D:10     | 10067 ||| DROPPING potion of attraction.
 10123 | D:11     | Noticed a five-headed hydra
 10124 | D:11     | 10124 ||| INVOKING Brothers in Arms.
 10125 | D:11     | 10125 ||| SWAPPING to +0 morningstar of draining.
 10126 | D:11     | 10126 ||| INVOKING Berserk.
 10130 | D:11     | Killed a five-headed hydra
 10131 | D:11     | Reached skill level 9 in Fighting
 10152 | D:11     | 10152 ||| SWAPPING to +0 broad axe of draining.
 10490 | D:11     | 10490 ||| FLEEEEING.
 10600 | D:11     | Noticed a boulder beetle
 10602 | D:11     | Noticed a green ugly thing
 10605 | D:11     | Noticed a smoke demon
 10607 | D:11     | Killed a green ugly thing
 10608 | D:11     | Reached XP level 11. HP: 97/97 MP: 10/10
 10616 | D:11     | Noticed a sixfirhy
 10617 | D:11     | 10617 ||| INVOKING Berserk.
 10625 | D:11     | Reached skill level 16 in Axes
 10639 | D:11     | Killed a boulder beetle
 10861 | D:11     | Noticed a fire dragon
 10861 | D:11     | Noticed a death knight
 10861 | D:11     | Noticed a tengu warrior
 10862 | D:11     | 10862 ||| Stepping ~*~*~tactically~*~*~ (hiding).
 10862 | D:11     | Noticed a centaur warrior
 10864 | D:11     | 10864 ||| INVOKING Berserk.
 10868 | D:11     | Killed a fire dragon
 10871 | D:11     | Noticed an orc knight
 10872 | D:11     | Killed a centaur warrior
 10873 | D:11     | Reached skill level 17 in Axes
 10875 | D:11     | Killed an orc knight
 10881 | D:11     | Killed a death knight
 10887 | D:11     | HP: 36/150 [tengu warrior/+1 dire flail (6)]
 10889 | D:11     | 10889 ||| READING 4 scrolls of teleportation.
 10889 | D:11     | HP: 16/100 [tengu warrior/+1 dire flail (6)]
 10890 | D:11     | 10890 ||| DRINKING 2 potions of heal wounds.
 11156 | D:11     | Found the +3 crown of Dyrovepreva {rElec Int+2 SInv}
 11162 | D:11     | Identified the ring "Jaopoc" {rC+ Int+4 SInv}
 11171 | D:11     | Identified the +8 morningstar "Rous" {venom, *Noise rF++
                  | rC++}
 11171 | D:11     | Identified the +1 chain mail of the Accordion {rC++ Stlth+}
 11173 | D:11     | 11173 ||| DROPPING +0 morningstar of draining.
 11229 | D:11     | Killed a tengu warrior
 11307 | D:11     | Found a staircase to the Lair.
 11308 | D:11     | 11308 ||| INVOKING Berserk.
 11313 | D:11     | Reached skill level 9 in Armour
 11488 | D:11     | Noticed a boulder beetle
 11491 | D:11     | 11491 ||| INVOKING Berserk.
 11494 | D:11     | Killed a boulder beetle
 11716 | D:11     | 11716 ||| PLANNING LAIR
 11716 | D:11     | 11716 ||| UPGRADING to +3 crown of Dyrovepreva {rElec Int+2
                  | SInv}.
 11726 | D:11     | 11726 ||| REMOVING ring of see invisible.
 11727 | D:11     | 11727 ||| UPGRADING to +2 pair of gloves of the Dwarven
                  | Hall {rF+ Str+4 Int-2}.
 11737 | D:11     | 11737 ||| DROPPING +2 pair of gloves.
 11738 | D:11     | 11738 ||| DROPPING +2 hat.
 11739 | D:11     | 11739 ||| DROPPING +1 chain mail of the Accordion {rC++
                  | Stlth+}.
 11740 | D:11     | 11740 ||| UPGRADING to ring of ice.
 11741 | D:11     | 11741 ||| UPGRADING to +6 ring of dexterity.
 11743 | D:11     | 11743 ||| DROPPING ring of see invisible.
 11744 | D:11     | 11744 ||| UPGRADING to ring "Jaopoc" {rC+ Int+4 SInv}.
 11746 | D:11     | 11746 ||| DROPPING ring of ice.
 11747 | D:11     | 11747 ||| UPGRADING to +4 ring of protection.
 11749 | D:11     | 11749 ||| DRINKING 2 lumpy amethyst potions.
 11854 | D:11     | 11854 ||| DRINKING 2 inky potions.
 11855 | D:11     | 11855 ||| DROPPING potion of berserk rage.
 11856 | D:11     | 11856 ||| DROPPING potion of magic.
 11874 | Lair:1   | Entered Level 1 of the Lair of Beasts
 12086 | Lair:1   | 12086 ||| Stepping ~*~*~tactically~*~*~ (stealth).
 12193 | Lair:1   | 12193 ||| INVOKING Berserk.
 12301 | Lair:1   | 12301 ||| Stepping ~*~*~tactically~*~*~ (hiding).
 12308 | Lair:1   | 12308 ||| Stepping ~*~*~tactically~*~*~ (hiding).
 12546 | Lair:1   | 12546 ||| INVOKING Berserk.
 12549 | Lair:1   | Reached skill level 18 in Axes
 12659 | Lair:1   | 12659 ||| Stepping ~*~*~tactically~*~*~ (stealth).
 12660 | Lair:1   | 12660 ||| Stepping ~*~*~tactically~*~*~ (stealth).
 12687 | Lair:1   | Noticed a six-headed hydra
 12688 | Lair:1   | 12688 ||| INVOKING Brothers in Arms.
 12689 | Lair:1   | 12689 ||| SWAPPING to +8 morningstar "Rous" {venom, *Noise
                  | rF++ rC++}.
 12690 | Lair:1   | 12690 ||| INVOKING Brothers in Arms.
 12691 | Lair:1   | 12691 ||| INVOKING Brothers in Arms.
 12692 | Lair:1   | 12692 ||| INVOKING Berserk.
 12694 | Lair:1   | Killed a six-headed hydra
 12695 | Lair:1   | Reached XP level 12. HP: 108/108 MP: 9/11
 12702 | Lair:1   | 12702 ||| SWAPPING to +0 broad axe of draining.
 13048 | Lair:1   | Noticed a boulder beetle
 13052 | Lair:1   | 13052 ||| INVOKING Berserk.
 13057 | Lair:1   | Killed a boulder beetle
 13249 | Lair:1   | 13249 ||| Stepping ~*~*~tactically~*~*~ (stealth).
 13251 | Lair:1   | 13251 ||| INVOKING Berserk.
 13399 | Lair:1   | 13399 ||| DROPPING orb of energy.
 13427 | Lair:2   | 13427 ||| STAIRDANCE
 13432 | Lair:2   | 13432 ||| INVOKING Berserk.
 13460 | Lair:2   | 13460 ||| STAIRDANCE
 13496 | Lair:2   | Found a hole to the Spider Nest.
 14135 | Lair:2   | 14135 ||| DROPPING ring of protection from cold.
 14136 | Lair:2   | 14136 ||| READING scroll labelled LEYPSYXK SAUWK.
 14255 | Lair:3   | 14255 ||| PLANNING GAUNTLET
 14298 | Lair:3   | Noticed Rupert
 14298 | Lair:3   | 14298 ||| INVOKING Trog's Hand.
 14299 | Lair:3   | Reached skill level 12 in Fighting
 14308 | Lair:3   | 14308 ||| INVOKING Berserk.
 14320 | Lair:3   | Killed Rupert
 14433 | Lair:3   | 14433 ||| Stepping ~*~*~tactically~*~*~ (stealth).
 14435 | Lair:3   | Reached skill level 6 in Throwing
 14486 | Lair:3   | 14486 ||| Stepping ~*~*~tactically~*~*~ (stealth).
 14493 | Lair:3   | 14493 ||| INVOKING Berserk.
 14495 | Lair:3   | Noticed Nergalle
 14509 | Lair:3   | Killed Nergalle
 14603 | Lair:3   | Found a gate leading to a gauntlet.
 14612 | Gauntlet | Entered a Gauntlet
 14612 | Gauntlet | Found a runed translucent gate.
 14612 | Gauntlet | Found a transporter.
 14612 | Gauntlet | Found a runed translucent gate.
 14612 | Gauntlet | Found a runed translucent gate.
 14619 | Gauntlet | Found a transporter.
 14621 | Gauntlet | Found a transporter.
 14632 | Gauntlet | Found a transporter.
 14635 | Gauntlet | Found a transporter.
 14640 | Gauntlet | Noticed a great orb of eyes
 14647 | Gauntlet | Found a transporter.
 14660 | Gauntlet | Found a transporter.
 14662 | Gauntlet | Noticed a quicksilver ooze
 14670 | Gauntlet | Noticed a death scarab
 14671 | Gauntlet | Found a transporter.
 14675 | Gauntlet | Noticed a death scarab
 14682 | Gauntlet | Found a transporter.
 14694 | Gauntlet | Found a transporter.
 14694 | Gauntlet | Found a transporter.
 14696 | Gauntlet | Found a transporter.
 14726 | Gauntlet | Found a transporter.
 14783 | Gauntlet | Found a transporter.
 14873 | Gauntlet | Reached skill level 12 in Armour
 14880 | Gauntlet | Reached XP level 13. HP: 106/122 MP: 9/12
 14968 | Gauntlet | 14968 ||| Stepping randomly (stuck).
 14969 | Gauntlet | 14969 ||| Stepping randomly (stuck).
 14975 | Gauntlet | 14975 ||| INVOKING Berserk.
 15106 | Gauntlet | 15106 ||| INVOKING Trog's Hand.
 15127 | Gauntlet | 15127 ||| READING 6 scrolls of identify.
 15127 | Gauntlet | 15127 ||| IDENTIFYING black potion
 15163 | Gauntlet | Noticed a minotaur
 15165 | Gauntlet | 15165 ||| INVOKING Berserk.
 15172 | Gauntlet | Killed a minotaur
 15366 | Lair:3   | 15366 ||| PLANNING LAIR
 15398 | Lair:3   | 15398 ||| Stepping ~*~*~tactically~*~*~ (stealth).
 15410 | Lair:3   | Found a staircase to the Swamp.
 15413 | Lair:3   | 15413 ||| INVOKING Berserk.
 15437 | Lair:3   | 15437 ||| Stepping ~*~*~tactically~*~*~ (cloud).
 15441 | Lair:3   | 15441 ||| Stepping ~*~*~tactically~*~*~ (cloud).
 15442 | Lair:3   | 15442 ||| Stepping ~*~*~tactically~*~*~ (cloud).
 15447 | Lair:3   | Reached skill level 6 in Dodging
 15692 | Lair:3   | Noticed Amaemon
 15693 | Lair:3   | 15693 ||| Stepping ~*~*~tactically~*~*~ (hiding).
 15698 | Lair:3   | 15698 ||| INVOKING Berserk.
 15703 | Lair:3   | Killed Amaemon
 16435 | Lair:3   | 16435 ||| DROPPING ring of magical power.
 16436 | Lair:3   | 16436 ||| DROPPING ring of positive energy.
 16437 | Lair:3   | 16437 ||| READING scroll labelled GUICAS SIT UNO.
 16500 | Lair:4   | 16500 ||| INVOKING Berserk.
 16690 | Lair:4   | 16690 ||| INVOKING Berserk.
 16711 | Lair:4   | 16711 ||| Stepping ~*~*~tactically~*~*~ (stealth).
 16855 | Lair:4   | 16855 ||| INVOKING Berserk.
 17062 | Lair:4   | 17062 ||| INVOKING Berserk.
 17070 | Lair:4   | Reached skill level 15 in Fighting
 17341 | Lair:4   | Found a staircase to the Slime Pits.
 17341 | Lair:4   | Found a viscous altar of Jiyva.
 17354 | Lair:4   | 17354 ||| INVOKING Berserk.
 17473 | Lair:4   | 17473 ||| INVOKING Berserk.
 17973 | Lair:4   | 17973 ||| READING 9 scrolls of identify.
 17973 | Lair:4   | 17973 ||| IDENTIFYING fuming golden potion
 17988 | Lair:5   | Entered Level 5 of the Lair of Beasts
 17989 | Lair:5   | 17989 ||| INVOKING Brothers in Arms.
 17990 | Lair:5   | 17990 ||| SWAPPING to +8 morningstar "Rous" {venom, *Noise
                  | rF++ rC++}.
 17991 | Lair:5   | 17991 ||| INVOKING Berserk.
 18004 | Lair:5   | 18004 ||| SWAPPING to +0 broad axe of draining.
 18033 | Lair:5   | 18033 ||| FLEEEEING.
 18037 | Lair:5   | 18037 ||| STAIRDANCE
 18054 | Lair:5   | 18054 ||| INVOKING Brothers in Arms.
 18055 | Lair:5   | 18055 ||| INVOKING Brothers in Arms.
 18057 | Lair:5   | 18057 ||| SWAPPING to +8 morningstar "Rous" {venom, *Noise
                  | rF++ rC++}.
 18058 | Lair:5   | 18058 ||| INVOKING Berserk.
 18065 | Lair:5   | 18065 ||| SWAPPING to +0 broad axe of draining.
 18093 | Lair:5   | 18093 ||| FLEEEEING.
 18098 | Lair:5   | 18098 ||| STAIRDANCE
 18292 | Lair:5   | Noticed a dire elephant
 18292 | Lair:5   | Noticed a dire elephant
 18293 | Lair:5   | Noticed a dire elephant
 18295 | Lair:5   | 18295 ||| Stepping ~*~*~tactically~*~*~ (stealth).
 18297 | Lair:5   | 18297 ||| INVOKING Berserk.
 18305 | Lair:5   | Killed a dire elephant
 18547 | Lair:5   | 18547 ||| INVOKING Berserk.
 18552 | Lair:5   | Killed a dire elephant
 18553 | Lair:5   | Reached XP level 14. HP: 137/137 MP: 13/13
 18570 | Lair:5   | 18570 ||| Stepping ~*~*~tactically~*~*~ (water).
 18795 | Lair:5   | 18795 ||| Stepping ~*~*~tactically~*~*~ (hiding).
 18797 | Lair:5   | 18797 ||| INVOKING Brothers in Arms.
 18798 | Lair:5   | 18798 ||| INVOKING Brothers in Arms.
 18799 | Lair:5   | 18799 ||| INVOKING Brothers in Arms.
 18800 | Lair:5   | 18800 ||| INVOKING Brothers in Arms.
 18801 | Lair:5   | 18801 ||| INVOKING Brothers in Arms.
 18820 | Lair:5   | 18820 ||| INVOKING Berserk.
 18985 | Lair:5   | 18985 ||| FLEEEEING.
 18986 | Lair:5   | 18986 ||| FLEEEEING.
 18987 | Lair:5   | 18987 ||| FLEEEEING.
 18988 | Lair:5   | 18988 ||| FLEEEEING.
 18989 | Lair:5   | 18989 ||| FLEEEEING.
 18990 | Lair:5   | 18990 ||| FLEEEEING.
 18991 | Lair:5   | 18991 ||| INVOKING Berserk.
 19194 | Lair:5   | 19194 ||| Stepping ~*~*~tactically~*~*~ (stealth).
 19195 | Lair:5   | 19195 ||| Stepping ~*~*~tactically~*~*~ (stealth).
 19200 | Lair:5   | 19200 ||| Stepping ~*~*~tactically~*~*~ (stealth).
 19210 | Lair:5   | 19210 ||| FLEEEEING.
 19211 | Lair:5   | 19211 ||| FLEEEEING.
 19974 | Lair:5   | 19974 ||| PLANNING D
 19974 | Lair:5   | 19974 ||| UPGRADING to +0 buckler of resistance.
 19979 | Lair:5   | 19979 ||| UPGRADING to +0 kite shield.
 19989 | Lair:5   | 19989 ||| DROPPING +0 buckler of resistance.
 20155 | D:12     | You fall into a shaft and drop 3 floors!
 20155 | D:15     | Entered Level 15 of the Dungeon
 20161 | D:15     | Reached skill level 1 in Shields
 20234 | D:15     | 20234 ||| INVOKING Brothers in Arms.
 20236 | D:15     | 20236 ||| INVOKING Brothers in Arms.
 20237 | D:15     | 20237 ||| INVOKING Trog's Hand.
 20238 | D:15     | 20238 ||| SWAPPING to +8 morningstar "Rous" {venom, *Noise
                  | rF++ rC++}.
 20239 | D:15     | 20239 ||| INVOKING Berserk.
 20248 | D:15     | Reached skill level 3 in Shields
 20251 | D:15     | 20251 ||| SWAPPING to +0 broad axe of draining.
 20255 | D:15     | 20255 ||| INVOKING Trog's Hand.
 20268 | D:15     | Reached skill level 6 in Shields
 20275 | D:15     | 20275 ||| Stepping ~*~*~tactically~*~*~ (hiding).
 20283 | D:15     | 20283 ||| Stepping ~*~*~tactically~*~*~ (stealth).
 20299 | D:15     | 20299 ||| Stepping ~*~*~tactically~*~*~ (stealth).
 20300 | D:15     | 20300 ||| Stepping ~*~*~tactically~*~*~ (stealth).
 20301 | D:15     | 20301 ||| Stepping ~*~*~tactically~*~*~ (stealth).
 20358 | D:15     | 20358 ||| Stepping ~*~*~tactically~*~*~ (stealth).
 20369 | D:15     | 20369 ||| INVOKING Berserk.
 20391 | D:15     | 20391 ||| Stepping ~*~*~tactically~*~*~ (stealth).
 20452 | D:15     | 20452 ||| Stepping ~*~*~tactically~*~*~ (hiding).
 20453 | D:15     | 20453 ||| Stepping ~*~*~tactically~*~*~ (hiding).
 20551 | D:15     | 20551 ||| INVOKING Berserk.
 20683 | D:15     | Found a staircase to the Depths.
 20713 | D:15     | 20713 ||| Stepping ~*~*~tactically~*~*~ (hiding).
 20715 | D:15     | 20715 ||| Stepping ~*~*~tactically~*~*~ (hiding).
 20770 | D:14     | 20770 ||| Stepping ~*~*~tactically~*~*~ (stealth).
 20772 | D:14     | 20772 ||| Stepping ~*~*~tactically~*~*~ (hiding).
 20774 | D:14     | 20774 ||| INVOKING Berserk.
 20797 | D:14     | Reached skill level 9 in Shields
 21038 | D:14     | 21038 ||| Stepping ~*~*~tactically~*~*~ (stealth).
 21048 | D:14     | 21048 ||| Stepping ~*~*~tactically~*~*~ (stealth).
 21054 | D:14     | Noticed Azrael
 21061 | D:14     | 21061 ||| INVOKING Berserk.
 21064 | D:14     | Killed Azrael
 21223 | D:14     | 21223 ||| Stepping ~*~*~tactically~*~*~ (stealth).
 21252 | D:14     | Found a sparkling altar of Nemelex Xobeh.
 21302 | D:13     | 21302 ||| Stepping ~*~*~tactically~*~*~ (stealth).
 21325 | D:12     | 21325 ||| INVOKING Berserk.
 21340 | D:12     | Reached XP level 15. HP: 147/147 MP: 14/14
 21495 | D:12     | 21495 ||| Stepping ~*~*~tactically~*~*~ (stealth).
 21522 | D:12     | 21522 ||| READING scroll of brand weapon.
 21522 | D:12     | 21522 ||| BRANDING +0 broad axe of draining.
 21615 | D:12     | 21615 ||| Stepping ~*~*~tactically~*~*~ (hiding).
 21616 | D:12     | 21616 ||| Stepping ~*~*~tactically~*~*~ (stealth).
 21621 | D:12     | 21621 ||| Stepping ~*~*~tactically~*~*~ (hiding).
 21622 | D:12     | 21622 ||| Stepping ~*~*~tactically~*~*~ (hiding).
 21638 | D:12     | 21638 ||| READING scroll of enchant armour.
 21638 | D:12     | 21638 ||| ENCHANTING +2 plate armour of fire resistance.
 21882 | D:12     | 21882 ||| Stepping ~*~*~tactically~*~*~ (hiding).
 22367 | D:13     | 22367 ||| Stepping ~*~*~tactically~*~*~ (hiding).
 22368 | D:13     | 22368 ||| Stepping ~*~*~tactically~*~*~ (hiding).
 22377 | D:13     | Reached skill level 12 in Shields
 22635 | D:13     | 22635 ||| Stepping ~*~*~tactically~*~*~ (hiding).
 22703 | D:13     | Found a stormy altar of Qazlal.
 22774 | D:13     | 22774 ||| READING scroll labelled MUUKEST UNURGHE.
 22782 | D:13     | 22782 ||| Stepping ~*~*~tactically~*~*~ (stealth).
 22788 | D:13     | Reached ***** piety under Trog
 22825 | D:14     | 22825 ||| Stepping ~*~*~tactically~*~*~ (hiding).
 22832 | D:14     | Noticed Jorgrun
 22832 | D:14     | 22832 ||| INVOKING Brothers in Arms.
 22833 | D:14     | 22833 ||| INVOKING Brothers in Arms.
 22834 | D:14     | 22834 ||| DRINKING 5 potions of cancellation.
 22835 | D:14     | 22835 ||| INVOKING Brothers in Arms.
 22836 | D:14     | 22836 ||| INVOKING Berserk.
 22840 | D:14     | Killed Jorgrun
 22999 | D:14     | 22999 ||| Stepping ~*~*~tactically~*~*~ (hiding).
 23114 | D:14     | Identified the +9 flail "Ydusch" {protect, Will+}
 23191 | D:14     | 23191 ||| Stepping ~*~*~tactically~*~*~ (hiding).
 23202 | D:14     | 23202 ||| Stepping ~*~*~tactically~*~*~ (hiding).
 23255 | D:14     | 23255 ||| INVOKING Brothers in Arms.
 23256 | D:14     | 23256 ||| SWAPPING to +8 morningstar "Rous" {venom, *Noise
                  | rF++ rC++}.
 23257 | D:14     | 23257 ||| INVOKING Berserk.
 23266 | D:14     | HP: 46/220 [death knight/+1 antimagic broad axe (11)]
 23270 | D:14     | HP: 20/220 [??? (18)]
 23273 | D:14     | HP: 1/220 [mirror damage (16)]
 23275 | D:14     | Killed by mirror damage

Levels and vault maps discovered:
D:1:      nicolae_arrival_memento_mori, layout_basic,
          hangedman_abyss_or_decor_lesser_grid, nicolae_titane
D:2:      layout_rooms, shapermc_ecumenical_altar_pompeii, grunt_ministairs_13
D:3:      layout_basic, dreamdust_mushroom_princess
D:4:      layout_basic, serial_shops,
          nicolae_shop_temple_entry_statues_fountains,
          nicolae_shop_window_shopping, nicolae_diamond_shop
D:5:      layout_rooms, gammafunk_ghost_arena
D:6:      layout_cave_pools, minmay_temple_entry_ruins, hex_medium,
          minmay_microvault
D:7:      layout_basic, nicolae_uskayaw_murder_on_the_dancefloor
D:8:      layout_basic, serial_shops, shop, fungi_pond_lemuel,
          kb_lookout_dungeons_type, kennysheep_cross_bottleneck
D:9:      layout_loops_cross, serial_co_window_serial, co_window_paths_a,
          co_window_corner_a, co_window_of_opportunity_a, co_window_corner_a,
          co_window_paths_b, co_window_broadway_c, co_window_corner_b,
          co_window_unsneaky_path_b, co_window_broadway_a, co_window_corner_ca,
          co_window_cross_3, co_window_4corner_b, glass_columns_a,
          glass_columns_a, glass_columns_a
D:10:     layout_stronghold, erik_orc_2
D:11:     layout_small_grid, grunt_lair_entry_orc_guard_hut, minmay_the_grid_2x2
          [minmay_the_grid_square_x, minmay_the_grid_aliased_spiral,
          minmay_the_grid_x, minmay_the_grid_prize_four_corners_diamond_b]
D:12:     layout_basic, drop_trap
D:13:     layout_cave_pools, serial_rivers, chequers_serial_rivers_small_b,
          chequers_serial_rivers_large_b, chequers_serial_rivers_micro_d,
          chequers_serial_rivers_small_3, chequers_serial_rivers_room_b,
          chequers_serial_rivers_micro_a, nicolae_qazlal_style_of_elements
D:14:     layout_loops_ring, david_vaults_5, nemelex_xobeh_ov_fountains_minmay,
          uniq_jorgrun, uniq_azrael
D:15:     hangedman_depths_entry_civil_slaughter, layout_rooms, enter_trove_5,
          serial_bayou_lake_a
Lair:1:   layout_loops_ring, minivault_11, chequers_serial_rivers_marsh
Lair:2:   layout_regular_city, spider_nest_entry_webs
Lair:3:   layout_cave_pods, minmay_swamp_entry_eels, gauntlet_entry_generic,
          grunt_megastairs_3, uniq_nergalle, uniq_rupert, uniq_amaemon
Lair:4:   layout_gridlike, slime_entry_1, serial_bayou_pond_c,
          cheibrodos_lair_lostbears
Lair:5:   due_jungle_book, layout_long_grid

Skill      XL: |  1  2  3  4  5  6  7  8  9 10 11 12 13 14 15 |
---------------+----------------------------------------------+-----
Axes           | 4 5 6 7 9 10 12 13 15 18 | 18.0
Fighting       | 4 6 8 9 10 13 16 17 | 17.0
Armour         | 3 4 5 7 8 9 12 13 14 | 14.0
Throwing       | 2 3 4 5 6 7 8 |  8.0
Dodging        | 3 5 6 7 |  7.0
Shields        | 10 13 | 13.4

Action                   |  1- 3 |  4- 6 |  7- 9 | 10-12 | 13-15 || total
-------------------------+-------+-------+-------+-------+-------++-------
Melee: Hand axe          |    93 |    54 |       |       |       ||   147
       Headbutt          |    12 |     8 |    37 |    56 |   164 ||   277
       Punch             |     1 |       |       |     4 |     4 ||     9
       War axe           |       |    21 |   132 |       |       ||   153
       Broad axe         |       |       |    61 |   256 |   604 ||   921
       Unarmed           |       |       |    15 |       |       ||    15
       Morningstar       |       |       |       |    13 |    35 ||    48
Throw: Boomerang         |     7 |    27 |    46 |    12 |    10 ||   102
       Javelin           |       |       |     1 |    54 |    96 ||   151
Invok: Berserk           |     3 |     4 |     6 |    14 |    24 ||    51
       Brothers in Arms  |       |       |       |     3 |     6 ||     9
       Trog's Hand       |       |       |       |     1 |     3 ||     4
  Use: Scroll            |     6 |     4 |     7 |     6 |     6 ||    29
       Potion            |     2 |     1 |     7 |     3 |     1 ||    14
 Stab: Distracted        |       |       |       |     1 |     2 ||     3
Armor: Animal skin       |     4 |       |       |       |       ||     4
       Chain mail        |    16 |    19 |       |       |       ||    35
       Plate armour      |       |    11 |   185 |   147 |   342 ||   685
       Skin              |       |       |     2 |       |       ||     2
Dodge: Dodged            |    37 |    24 |   148 |    93 |   210 ||   512
       Repelled          |       |       |     3 |     2 |     7 ||    12
Block: Kite shield       |       |       |       |       |   132 ||   132

Table legend:
 A = Non-vault XP
 B = Vault XP
 C = Vault XP percentage of total XP
 D = Non-vault monster count
 E = Vault monster count
 F = Vault count percentage of total count
                 A         B        C        D         E       F
            +---------+---------+-------+---------+---------+-------
      Total |   79437 |   41525 |  34.3 |     402 |     118 |  22.7
            +---------+---------+-------+---------+---------+-------
        D:1 |      19 |       0 |   0.0 |      13 |       0 |   0.0
        D:2 |      52 |       3 |   5.5 |      23 |       2 |   8.0
        D:3 |      94 |       0 |   0.0 |      17 |       0 |   0.0
        D:4 |     193 |       0 |   0.0 |      17 |       0 |   0.0
        D:5 |     389 |       0 |   0.0 |       8 |       0 |   0.0
        D:6 |     553 |     194 |  26.0 |      21 |       1 |   4.5
        D:7 |    1262 |       0 |   0.0 |      20 |       0 |   0.0
        D:8 |     767 |     115 |  13.0 |      21 |       1 |   4.5
        D:9 |    2328 |       0 |   0.0 |      24 |       0 |   0.0
       D:10 |    1509 |     706 |  31.9 |       9 |      19 |  67.9
       D:11 |    3388 |    7158 |  67.9 |      16 |      16 |  50.0
       D:12 |    7908 |       0 |   0.0 |      20 |       0 |   0.0
       D:13 |    3098 |       0 |   0.0 |      12 |       0 |   0.0
       D:14 |   11435 |    6763 |  37.2 |      27 |      13 |  32.5
       D:15 |    8459 |    4141 |  32.9 |      16 |       6 |  27.3
     Lair:1 |    6582 |       0 |   0.0 |      18 |       0 |   0.0
     Lair:2 |    2404 |       0 |   0.0 |      10 |       0 |   0.0
     Lair:3 |   10483 |    6335 |  37.7 |      40 |      17 |  29.8
     Lair:4 |    5566 |     913 |  14.1 |      21 |       3 |  12.5
     Lair:5 |   12436 |   11222 |  47.4 |      47 |      27 |  36.5
   Gauntlet |     512 |    3975 |  88.6 |       2 |      13 |  86.7
            +---------+---------+-------+---------+---------+-------
